 Dungeon Crawl Stone Soup version 0.24-a0-630-g0d56a85 (webtiles) character file.

Game seed: 10007529637417429020, levelgen mode: deterministic

10553 BeowulfAlex the Geomancer (level 11, -16/62 HPs)
             Began as a Gargoyle Earth Elementalist on Sept 19, 2019.
             Was an Elder of Vehumet.
             Killed from afar by Erica (23 damage)
             ... with an orb of energy
             ... on level 11 of the Dungeon.
             The game lasted 00:45:26 (12303 turns).

BeowulfAlex the Geomancer (GrEE)                   Turns: 12303, Time: 00:45:27

Health: -16/62     AC: 14    Str: 10    XL:     11   Next: 63%
Magic:  2/24       EV: 12    Int: 22    God:    Vehumet [****..]
Gold:   457        SH:  0    Dex: 11    Spells: 2/28 levels left

rFire    + + .     SeeInvis .   Q - +3 flail (freeze)
rCold    + + .     Gourm    .   (no shield)
rNeg     + . .     Faith    .   A - +2 robe {rC+ rF+}
rPois    ∞         Spirit   .   a - +0 helmet
rElec    +         Reflect  .   (no cloak)
rCorr    .         Harm     .   u - +0 pair of gloves
MR       .....     Rnd*Tele +   (no boots)
Stlth    ++........             (no amulet)
HPRegen  0.00/turn              p - +4 ring of intelligence
MPRegen  0.19/turn              z - ring of protection from cold

@: about to teleport, very slightly contaminated
A: fire resistance 1, negative energy resistance 1, electricity resistance,
inhibited regeneration, teleportitis 1, weak 1, unbreathing, petrification
resistance, rot immunity, AC +8
a: Renounce Religion


You were on level 11 of the Dungeon.
You worshipped Vehumet.
Vehumet was greatly pleased with you.
You were near starving.

You visited 2 branches of the dungeon, and saw 12 of its levels.

You collected 477 gold pieces.
You spent 20 gold pieces at shops.

Inventory:

Hand Weapons
 q - a +2 trident of piercing
 G - a +1 rapier of venom
 Q - a +3 flail of freezing (weapon)
Missiles
 b - 145 stones
 c - 12 javelins
 n - 8 atropa-tipped darts
 o - 51 poisoned darts
 w - 8 curare-tipped darts
 y - 2 silver boomerangs
 N - 5 boomerangs (quivered)
 T - 6 throwing nets
Armour
 a - a +0 helmet (worn)
 u - a +0 pair of gloves (worn)
 A - a +2 robe of resistance (worn)
 U - a +0 ring mail of magic resistance
Magical Staves
 Z - an uncursed staff of air {unknown}
Jewellery
 p - a +4 ring of intelligence (left hand)
 z - a ring of protection from cold (right hand)
 B - an uncursed ring of protection from fire
 I - an uncursed ring of wizardry
 L - an uncursed ring of positive energy
 P - an uncursed ring of wizardry
Wands
 j - a wand of iceblast (11)
 s - a wand of digging (9)
 x - a wand of acid (10)
 J - a wand of flame (17)
 R - a wand of clouds (5)
 V - a wand of disintegration (10)
Scrolls
 e - 2 scrolls of amnesia
 g - a scroll of vulnerability {unknown}
 h - 2 scrolls of teleportation
 l - 3 scrolls of enchant weapon
 t - a scroll of random uselessness {unknown}
 v - a scroll of identify
 C - a scroll of fear {unknown}
 F - 2 scrolls of enchant armour
 M - 2 scrolls of blinking
 O - a scroll of magic mapping {unknown}
Potions
 f - 2 potions of curing
 i - a potion of might {unknown}
 m - a potion of flight {unknown}
 r - a potion of berserk rage {unknown}
 D - a potion of magic {unknown}
 H - a potion of lignification {unknown}
 X - a potion of ambrosia {unknown}
Miscellaneous
 E - a lamp of fire
Comestibles
 d - 16 rations


   Skills:
 * Level 4.7 Fighting
 + Level 4.3 Armour
 - Level 1.5 Dodging
 - Level 2.1 Stealth
 * Level 9.2 Spellcasting
 + Level 10.1 Conjurations
 - Level 0.7 Transmutations
 + Level 3.8 Fire Magic
 * Level 11.9 Earth Magic


You had 2 spell levels left.
You knew the following spells:

 Your Spells              Type           Power        Failure   Level  Hunger
a - Sandblast             Erth           ######       1%          1    None
b - Stone Arrow           Conj/Erth      ######       1%          3    None
c - Lee's Rapid Deconstr  Erth           ######....   1%          5    ####...
d - Fireball              Conj/Fire      #####.....   3%          5    ####...
e - Ignite Poison         Fire/Tmut/Pois ###.....     3%          3    None
f - Bolt of Magma         Conj/Fire/Erth #####.....   1%          5    ####...
g - Sticky Flame          Conj/Fire      #####...     1%          4    ##.....

Your spell library contained the following spells:

 Spells                   Type           Power        Failure   Level  Hunger
 Flame Tongue             Conj/Fire      #####        1%          1    None
 Passwall                 Tmut/Erth      #####...     1%          2    None
 Throw Flame              Conj/Fire      #####.       1%          2    None
 Conjure Flame            Conj/Fire      #####...     1%          3    None
 Inner Flame              Hex/Fire       ###.....     2%          3    None
 Petrify                  Tmut/Erth      #####...     4%          4    ##.....
 Leda's Liquefaction      Hex/Erth       #####.....   5%          4    ##.....
 Iskenderun's Battlesphe  Conj/Chrm      ####....     6%          5    ####...
 Confuse                  Hex            ##......     21%         3    None
 Ozocubu's Armour         Chrm/Ice       ##......     21%         3    None
 Spectral Weapon          Hex/Chrm       ##......     21%         3    None


Dungeon Overview and Level Annotations

Branches:
Dungeon (11/15)            Temple (1/1) D:5            Lair (0/6) D:11
    Orc (0/2) D:11

Altars:
Ashenzari
Cheibriados
Dithmenos
Elyvilon
Fedhas
Gozag
Hepliaklqana
Kikubaaqudgha
Makhleb
Nemelex Xobeh
Okawaru
Qazlal
Ru
Sif Muna
Trog
Uskayaw
Vehumet
Wu Jian
Xom
Yredelemnul
Zin
The Shining One

Shops:
D:6 }   D:7 ?   D:10 *   D:11 *

Annotations:
D:11 Erica


Innate Abilities, Weirdness & Mutations

You are resistant to torment.
Your stone body is resilient. (AC +8)
You are immune to poison.
You resist negative energy. (rN+)
You are resistant to electric shocks. (rElec)
You can survive without breathing.
You are immune to petrification.
You are immune to rotting.
Your flesh is heat resistant. (rF+)
You do not regenerate when monsters are visible.
You are occasionally teleported next to monsters.
You are weak. (Str -2)


Message History

You feel strangely unstable.
Casting: Sticky Flame (safe; 1% risk of failure)
Confirm with . or Enter, or press ? or * to list all spells.
Aiming: Stone Arrow (safe; 1% risk of failure)
Press: ? - help, Shift-Dir - straight line, f/p - troll
Aim: a troll (heavily wounded)
The stone arrow hits the gnoll!
You kill the gnoll!
Vehumet accepts your kill.
Your surroundings suddenly seem different.
The killer bee buzzes angrily.
You hear an angry buzzing noise.
There is an open door here.
You close the door.
Erica shouts!
As you read the scroll of teleportation, it crumbles to dust.
You feel strangely unstable.
You are near starving!
Erica casts a spell at you. The orb of energy hits you!!
You die...

############ ##############
#..........###............#
#.<........#y+@...........#
#....[.......#............#
#....).....###....@.......+
#........y.# #............#
#..........# #............#
.⌠.......y...#
#............#
∩.#..........#
####'######### .
#####.###### .. .>#


You could see Erica.

Vanquished Creatures
  Harold (D:10)
  A two-headed ogre (D:9)
  2 rust devils (D:9)
  A centaur skeleton (D:8)
  A komodo dragon (D:11)
  A jumping spider (shapeshifter) (D:10)
  2 trolls
  Prince Ribbit (D:7)
  Sigmund (D:5)
  5 yaks (D:9)
  Grum (D:8)
  Menkaure (D:5)
  Edmund (D:6)
  2 water moccasins (D:6)
  A black bear (D:6)
  An eye of draining (D:9)
  2 sky beasts
  2 ice beasts
  8 orc warriors
  5 centaurs
  6 ogres
  3 wolves (D:8)
  8 bullfrogs
  4 big kobolds
  2 gnoll sergeants (D:11)
  3 scorpions
  A killer bee (D:11)
  4 wights (D:7)
  7 howler monkeys
  2 vampire bats (D:7)
  A bullfrog zombie (D:7)
  9 crimson imps
  A quasit (D:9)
  8 hounds
  4 jellies
  4 bullfrog skeletons
  A gnoll shaman (D:9)
  3 orc priests
  8 orc wizards
  An iguana (D:6)
  5 worker ants
  2 hound skeletons
  A hound zombie (D:9)
  A howler monkey zombie (D:6)
  A worker ant zombie (D:5)
  10 gnolls
  9 adders
  A shadow imp (D:11)
  An ooze (D:1)
  4 worms
  A dart slug (D:1)
  A leopard gecko (D:2)
  37 orcs
  A ball python (D:6)
  3 bat skeletons (D:7)
  4 bat zombies (D:7)
  5 giant cockroaches
  5 goblins
  7 hobgoblins
  17 jackals
  20 kobolds
  5 quokkas
  5 bats
  5 frilled lizards
  A quokka zombie (D:5)
  9 rats
281 creatures vanquished.

Notes
Turn   | Place    | Note
-------+----------+-------------------------------------------
     0 | D:1      | BeowulfAlex the Gargoyle Earth Elementalist began the quest
                  | for the Orb.
     0 | D:1      | Reached XP level 1. HP: 10/10 MP: 3/3
   233 | D:1      | Reached skill level 4 in Earth Magic
   233 | D:1      | Reached XP level 2. HP: 4/15 MP: 0/5
   840 | D:1      | Reached XP level 3. HP: 10/19 MP: 6/6
   845 | D:1      | Learned a level 3 spell: Stone Arrow
  1587 | D:2      | Reached skill level 1 in Conjurations
  1673 | D:2      | Found a faded altar of an unknown god.
  1820 | D:2      | Reached XP level 4. HP: 17/24 MP: 8/8
  2228 | D:3      | Found a shattered altar of Ashenzari.
  2305 | D:3      | Reached skill level 5 in Earth Magic
  2432 | D:3      | Reached XP level 5. HP: 17/28 MP: 9/9
  2724 | D:3      | Found a sacrificial altar of Ru.
  3319 | D:4      | Found a shimmering blue altar of Sif Muna.
  3422 | D:4      | Found a hazy altar of Hepliaklqana.
  3431 | D:4      | Found a shadowy altar of Dithmenos.
  3475 | D:4      | Reached XP level 6. HP: 23/32 MP: 7/11
  3604 | D:4      | Reached skill level 6 in Earth Magic
  3616 | D:4      | Reached XP level 7. HP: 36/36 MP: 4/13
  3899 | D:5      | Entered Level 5 of the Dungeon
  4018 | D:5      | Found a staircase to the Ecumenical Temple.
  4030 | Temple   | Entered the Ecumenical Temple
  4248 | Temple   | Became a worshipper of Vehumet
  4619 | D:5      | Noticed Menkaure
  4629 | D:5      | Killed Menkaure
  4733 | D:5      | Reached skill level 7 in Earth Magic
  4829 | D:5      | Reached skill level 5 in Spellcasting
  4829 | D:5      | Reached skill level 5 in Conjurations
  4829 | D:5      | Reached XP level 8. HP: 41/41 MP: 7/15
  4895 | D:4      | Learned a level 5 spell: Lee's Rapid Deconstruction
  4942 | D:5      | Found a bloodstained altar of Trog.
  5153 | D:5      | Found a glowing golden altar of the Shining One.
  5170 | D:5      | Noticed Sigmund
  5173 | D:5      | Killed Sigmund
  5412 | D:6      | Found an opulent altar of Gozag.
  5414 | D:6      | Reached skill level 8 in Earth Magic
  5419 | D:6      | Noticed Edmund
  5431 | D:6      | Killed Edmund
  5517 | D:6      | Found Gownuerch's Gadget Shop.
  5567 | D:6      | Reached * piety under Vehumet
  5567 | D:6      | Offered knowledge of Shock by Vehumet.
  5611 | D:6      | Reached XP level 9. HP: 33/45 MP: 3/18
  5878 | D:6      | Reached skill level 9 in Earth Magic
  6679 | D:7      | Reached ** piety under Vehumet
  6690 | D:7      | Offered knowledge of Throw Flame by Vehumet.
  6701 | D:7      | Found an ancient bone altar of Kikubaaqudgha.
  6749 | D:7      | Found Otithuti's Magic Scroll Shoppe.
  6756 | D:7      | Bought a scroll of identify for 20 gold pieces
  6760 | D:7      | Gained mutation: Your body sometimes deteriorates upon
                  | taking damage. [potion of mutation]
  6760 | D:7      | Gained mutation: Scrolls take you a little longer to read.
                  | [potion of mutation]
  6760 | D:7      | Gained mutation: You expend magic power (3 MP) to
                  | strengthen your wands. [potion of mutation]
  6761 | D:7      | Lost mutation: Your body sometimes deteriorates upon taking
                  | damage. [potion of mutation]
  6761 | D:7      | Lost mutation: Scrolls take you a little longer to read.
                  | [potion of mutation]
  6761 | D:7      | Lost mutation: You expend magic power (3 MP) to strengthen
                  | your wands. [potion of mutation]
  6761 | D:7      | Gained mutation: You have sharp toenails. [potion of
                  | mutation]
  6761 | D:7      | Gained mutation: You expend magic power (3 MP) to
                  | strengthen your wands. [potion of mutation]
  6762 | D:7      | Lost mutation: You expend magic power (3 MP) to strengthen
                  | your wands. [potion of mutation]
  6762 | D:7      | Lost mutation: You have sharp toenails. [potion of
                  | mutation]
  6762 | D:7      | Gained mutation: You are weak. (Str -2) [potion of
                  | mutation]
  6762 | D:7      | Gained mutation: You are robust. (+10% HP) [potion of
                  | mutation]
  6762 | D:7      | Gained mutation: Your large and strong wings let you fly
                  | indefinitely. [potion of mutation]
  6763 | D:7      | Lost mutation: You are weak. (Str -2) [potion of mutation]
  6763 | D:7      | Gained mutation: Your body sometimes deteriorates upon
                  | taking damage. [potion of mutation]
  6763 | D:7      | Gained mutation: You expend magic power (3 MP) to
                  | strengthen your wands. [potion of mutation]
  6764 | D:7      | Lost mutation: You expend magic power (3 MP) to strengthen
                  | your wands. [potion of mutation]
  6764 | D:7      | Lost mutation: Your body sometimes deteriorates upon taking
                  | damage. [potion of mutation]
  6764 | D:7      | Lost mutation: Your large and strong wings let you fly
                  | indefinitely. [potion of mutation]
  6764 | D:7      | Lost mutation: You are robust. (+10% HP) [potion of
                  | mutation]
  6764 | D:7      | Gained mutation: You do not regenerate when monsters are
                  | visible. [potion of mutation]
  6764 | D:7      | Gained mutation: You are occasionally teleported next to
                  | monsters. [potion of mutation]
  6764 | D:7      | Gained mutation: You are weak. (Str -2) [potion of
                  | mutation]
  6764 | D:7      | Gained mutation: Your flesh is heat resistant. (rF+)
                  | [potion of mutation]
  6901 | D:7      | Noticed Prince Ribbit
  6923 | D:7      | Killed Prince Ribbit
  6923 | D:7      | Reached skill level 10 in Earth Magic
  7389 | D:8      | HP: 2/45 [acid (10)]
  7655 | D:8      | Reached XP level 10. HP: 30/50 MP: 17/21
  7667 | D:8      | Noticed Grum
  8128 | D:8      | Killed Grum
  8578 | D:8      | Learned a level 5 spell: Fireball
  8916 | D:9      | Offered knowledge of Searing Ray by Vehumet.
  9004 | D:9      | Reached *** piety under Vehumet
  9094 | D:9      | Reached skill level 1 in Armour
  9116 | D:9      | Reached skill level 1 in Fighting
  9116 | D:9      | Reached skill level 1 in Fire Magic
  9116 | D:9      | Reached skill level 11 in Earth Magic
  9432 | D:9      | Noticed a two-headed ogre
  9457 | D:9      | Offered knowledge of Ignite Poison by Vehumet.
  9463 | D:9      | Learned a level 3 spell: Ignite Poison
 10043 | D:9      | Killed a two-headed ogre
 10043 | D:9      | Reached XP level 11. HP: 30/60 MP: 10/23
 10654 | D:10     | Entered Level 10 of the Dungeon
 10805 | D:10     | Noticed Harold
 10866 | D:10     | Killed Harold
 11126 | D:10     | Found Emaish's Elemental Accessories.
 11156 | D:10     | Reached **** piety under Vehumet
 11331 | D:10     | Offered knowledge of Bolt of Magma by Vehumet.
 11338 | D:10     | Learned a level 5 spell: Bolt of Magma
 11460 | D:9      | Reached skill level 10 in Conjurations
 11617 | D:10     | Found an ornate altar of the Wu Jian Council.
 11749 | D:10     | Identified the Papyrus of Bewitching Boosts
 11756 | D:10     | Learned a level 4 spell: Sticky Flame
 11898 | D:11     | Found a staircase to the Lair.
 12087 | D:11     | Found Faig Eri's General Store.
 12106 | D:11     | Noticed Erica
 12230 | D:11     | Found a staircase to the Orcish Mines.
 12303 | D:11     | Killed from afar by Erica

Levels and vault maps discovered:
D:1:      eino_arrival_tree_alley, layout_loops_ring, minmay_close_crescents
D:2:      layout_loops_corners, chequers_ecumenical_altar_lobes
D:3:      layout_rooms, nicolae_ru_great_annihilating_truth, first_ration,
          minmay_hedge_maze, chequers_serial_rivers_micro_b,
          chequers_serial_rivers_small_3, nicolae_ashenzari_panopticon
D:4:      layout_basic, nicolae_overflow_hidden_temple, lemuel_crystal_altar
D:5:      layout_loops_corners, overflow_temple_1_default, kennysheep_mini_moat,
          minmay_temple_entry_large_hall, uniq_menkaure, uniq_sigmund
D:6:      layout_rooms, serial_shops, nicolae_shop_behind_doors,
          grunt_gozag_statues, uniq_edmund
D:7:      layout_basic, kennysheep_vampire_church, serial_shops, shop,
          uniq_prince_ribbit1
D:8:      layout_basic, grunt_ogre_cave, uniq_grum
D:9:      cheibrodos_iron_armory, layout_irregular_city
D:10:     layout_irregular_city, basic_altar, nicolae_elemental_shop,
          uniq_harold
D:11:     layout_roguey, lair_entry_dummy,
          kennysheep_orc_monster_closet_entryway, serial_shops, shop_fountains,
          nicolae_shop_behind_doors, nicolae_shop_crystal, uniq_erica,
          uniq_erolcha
Temple:   regret_index_temple_generic_petals

Skill      XL: |  1  2  3  4  5  6  7  8  9 10 11 |
---------------+----------------------------------+-----
Earth Magic    | 4 5 6 7 8 10 11 | 11.9
Conjurations   | 1 2 3 5 6 8 9 10 | 10.1
Spellcasting   | 3 4 5 6 7 8 9 |  9.2
Armour         | 3 4 |  4.3
Fighting       | 3 4 |  4.7
Fire Magic     | 2 3 |  3.8
Dodging        | |  1.5
Stealth        | |  2.1
Transmutations | |  0.7

Action                   |  1- 3 |  4- 6 |  7- 9 | 10-12 || total
-------------------------+-------+-------+-------+-------++-------
Melee: Unarmed           |    34 |       |       |       ||    34
       Short sword       |   131 |   292 |    29 |       ||   452
       Rapier            |       |       |    33 |     6 ||    39
       Flail             |       |       |    49 |    96 ||   145
Throw: Boomerang         |       |       |     1 |     1 ||     2
       Dart              |       |       |     1 |       ||     1
       Javelin           |       |       |       |     1 ||     1
 Cast: Sandblast         |    13 |    38 |    42 |    17 ||   110
       Stone Arrow       |       |     4 |    63 |    94 ||   161
       Lee's Rapid Decon |       |       |    13 |    22 ||    35
       Fireball          |       |       |       |    15 ||    15
       Bolt of Magma     |       |       |       |     3 ||     3
       Sticky Flame      |       |       |       |     3 ||     3
  Use: Scroll            |       |       |     6 |    11 ||    17
       Potion            |       |       |     5 |     3 ||     8
 Stab: Sleeping          |     3 |     3 |     2 |     2 ||    10
       Paralysed         |       |     1 |       |       ||     1
       Distracted        |       |       |     1 |       ||     1
  Eat: Chunk             |     3 |     7 |    13 |    19 ||    42
       Ration            |       |       |     1 |     1 ||     2
Armor: Robe              |    50 |    74 |   101 |    92 ||   317
Dodge: Dodged            |   129 |   133 |   138 |   133 ||   533

Table legend:
 A = Non-vault XP
 B = Vault XP
 C = Vault XP percentage of total XP
 D = Non-vault monster count
 E = Vault monster count
 F = Vault count percentage of total count
                 A         B        C        D         E       F
            +---------+---------+-------+---------+---------+-------
      Total |   10187 |    4889 |  32.4 |     235 |      46 |  16.4
            +---------+---------+-------+---------+---------+-------
        D:1 |      32 |       9 |  22.0 |      14 |       6 |  30.0
        D:2 |      84 |       0 |   0.0 |      28 |       0 |   0.0
        D:3 |      54 |      45 |  45.5 |      16 |       4 |  20.0
        D:4 |     396 |       0 |   0.0 |      19 |       0 |   0.0
        D:5 |     562 |     410 |  42.2 |      18 |       2 |  10.0
        D:6 |    1430 |     169 |  10.6 |      25 |       1 |   3.8
        D:7 |     859 |     382 |  30.8 |      16 |      10 |  38.5
        D:8 |    1287 |     664 |  34.0 |      21 |       5 |  19.2
        D:9 |    3620 |    1183 |  24.6 |      46 |       4 |   8.0
       D:10 |     984 |     976 |  49.8 |      22 |       1 |   4.3
       D:11 |     879 |    1051 |  54.5 |      10 |      13 |  56.5
            +---------+---------+-------+---------+---------+-------
